 Dungeon Crawl Stone Soup version 0.31-a0-202-g547052bce9 (webtiles) character file.

Game seed: 10766002897671850478

170 qw the Skirmisher (level 5, -10/29 HPs)
             Began as a Deep Elf Hunter on June 25, 2023.
             Mangled by a gnoll
             ... wielding a +0 halberd
             ... led by a gnoll bouda
              (12 damage)
             ... on level 4 of the Dungeon.
             The game lasted 00:01:00 (2879 turns).

qw the Skirmisher (Deep Elf Hunter)                 Turns: 2879, Time: 00:01:01

Health: -10/29     AC: 11    Str:  8 (10) XL:     5   Next: 26%
Magic:  7/7        EV: 10    Int: 13 (14) God:
Gold:   64         SH:  0    Dex: 17 (18) Spells: 4/4 levels left

rFire   . . .        Y - +1 shortbow
rCold   . . .        (shield currently unavailable)
rNeg    . . .        e - +0 ring mail
rPois   .            (no helmet)
rElec   .            (no cloak)
rCorr   .            d - +1 pair of gloves
SInv    +            (no boots)
Will    .....        (no amulet)
Stlth   +            k - +4 ring of protection
HPRegen 0.24/turn    f - ring of see invisible
MPRegen 0.10/turn

%: no passive effects
@: no status effects
A: no striking features
a: no special abilities


You were on level 4 of the Dungeon.
You visited 1 branch of the dungeon, and saw 4 of its levels.

You collected 112 gold pieces.
You spent 48 gold pieces at shops.


   Skills:
 - Level 1.5 Fighting
 + Level 8.7 Ranged Weapons
 - Level 2.4 Dodging
 - Level 1.2 Stealth


You had 4 spell levels left.
You didn't know any spells.
Your spell library was empty.

Inventory:

Hand Weapons
 Y - a +1 shortbow (weapon)
Armour
 d - a +1 pair of gloves (worn)
 e - a +0 ring mail (worn)
Jewellery
 f - a ring of see invisible (right hand)
 k - a +4 ring of protection (left hand)
Scrolls
 b - a scroll of identify
Potions
 a - a potion of curing
 h - a potion of haste {unknown}
 i - a potion of heal wounds {unknown}
 j - a potion of resistance {unknown}

Dungeon Overview and Level Annotations

Branches:
Dungeon (4/15)
 Temple: D:4-7

Altars:
Uskayaw

Shops:
D:3 [

Annotations:
D:1 2 runed translucent doors


Message History

The arrow barely misses the gnoll bouda.
A gnoll comes into view. It is wielding a +0 spear.
You shoot an arrow.
The arrow closely misses the gnoll bouda.
The gnoll closely misses you. The gnoll hits you but does no damage.
The gnoll bouda hits you with a +0 whip.
You shoot an arrow. The arrow hits the gnoll bouda.
You kill the gnoll bouda!
The gnoll barely misses you. The gnoll misses you. The gnoll barely misses you.
A hobgoblin comes into view.
You have reached level 5!
You shoot an arrow. The arrow barely misses the gnoll.
The gnoll closely misses you. The gnoll hits you with a +0 whip.
The gnoll barely misses you. The gnoll hits you but does no damage.
You shoot an arrow. The arrow hits the gnoll!
The gnoll is heavily wounded.
The gnoll hits you with a +0 whip.
The gnoll hits you but does no damage. x3
You shoot an arrow. The arrow hits the gnoll.
The gnoll is severely wounded.
The gnoll hits you from afar with a +0 halberd.
The gnoll hits you with a +0 whip. The gnoll barely misses you.
The gnoll hits you from afar with a +0 halberd.
You shoot an arrow. The arrow hits the gnoll.
The gnoll is almost dead.
The gnoll closely misses you. The gnoll hits you but does no damage.
The gnoll barely misses you. The gnoll hits you but does no damage.
You shoot an arrow. The arrow hits the gnoll.
The gnoll is almost dead.
The gnoll closely misses you. The gnoll barely misses you.
The gnoll hits you from afar with a +0 spear.
The gnoll hits you but does no damage.
You shoot an arrow. The arrow hits the gnoll.
You kill the gnoll!
The gnoll is no longer moving quickly.
The gnoll closely misses you. The gnoll misses you.
The gnoll hits you from afar with a +0 halberd.
You shoot an arrow. The arrow closely misses the gnoll.
The gnoll completely misses you. The gnoll hits you but does no damage.
The gnoll hits you from afar with a +0 halberd!
You die...

## .... ....#
g.....
g..#.#####
...g...#
#####.#.g.#
.....gg.@.#
####.###.).#
...........+
#......<...#
+..........#
#..........#
#............
..............+
..#####.......#


You could see 3 gnolls and a hobgoblin.

Vanquished Creatures
  A gnoll bouda (D:4)
  2 gnolls (D:4)
  4 adders
  A worm (D:2)
  6 dart slugs
  8 bats
  9 endoplasms
  2 giant cockroaches
  5 hobgoblins
  9 jackals (D:1)
  2 kobolds (D:2)
  3 quokkas
  10 ball pythons
  A frilled lizard (D:1)
  3 goblins
  5 rats
71 creatures vanquished.

Notes
Turn   | Place    | Note
-------+----------+-------------------------------------------
     0 | D:1      | qw the Deep Elf Hunter began the quest for the Orb.
     0 | D:1      | Reached XP level 1. HP: 12/12 MP: 3/3
     0 | D:1      | 0 ||| qw: Version: 0.3-a-22-g0ed2b0b
     0 | D:1      | 0 ||| qw: Game counter: 5734
     0 | D:1      | 0 ||| qw: Melee chars always use a shield: true
     0 | D:1      | 0 ||| qw: God list: Okawaru
     0 | D:1      | 0 ||| qw: Allow faded altars: false
     0 | D:1      | 0 ||| qw: Do Orc after clearing Dungeon:15 true
     0 | D:1      | 0 ||| qw: Do second Lair branch before Depths: true
     0 | D:1      | 0 ||| qw: Lair rune preference: random
     0 | D:1      | 0 ||| qw: Goals: Normal
     0 | D:1      | 0 ||| PLANNING D:1-11
    55 | D:1      | Reached XP level 2. HP: 16/16 MP: 4/4
    56 | D:1      | Reached skill level 6 in Ranged Weapons
    59 | D:1      | Found a large runed translucent door.
    59 | D:1      | Found a large runed translucent door.
    65 | D:1      | Noticed an orc warrior
   397 | D:1      | Found a faded altar of an unknown god.
   408 | D:1      | Reached XP level 3. HP: 20/20 MP: 5/5
   698 | D:1      | Reached skill level 7 in Ranged Weapons
   884 | D:1      | 884 ||| UPGRADING to +4 ring of protection.
   885 | D:1      | 885 ||| READING scroll labelled WIDOYDD ERIY.
  1042 | D:1      | 1042 ||| READING scroll labelled MAL WUYSKEHY.
  1043 | D:1      | 1043 ||| READING scroll labelled UTTIRI TOAPNARHY.
  1044 | D:1      | 1044 ||| READING scroll labelled ZEUFOMM FYNA.
  1045 | D:1      | 1045 ||| READING scroll labelled PUZEOV KIUJESO.
  1146 | D:1      | 1146 ||| DROPPING scroll of butterflies.
  1730 | D:2      | Reached XP level 4. HP: 20/25 MP: 6/6
  1807 | D:2      | 1807 ||| READING scroll labelled ZADOTO FUOPTA.
  1808 | D:2      | 1808 ||| READING scroll labelled SEGAEFU JA OLA.
  1809 | D:2      | 1809 ||| DRINKING 3 sapphire potions.
  1810 | D:2      | 1810 ||| READING 2 scrolls of identify.
  1810 | D:2      | 1810 ||| IDENTIFYING puce potion
  1811 | D:2      | 1811 ||| DROPPING 2 potions of degeneration.
  1887 | D:3      | Found a hide-covered altar of Uskayaw.
  1925 | D:3      | Found Ingaythe's Armour Shoppe.
  1930 | D:3      | 1930 ||| BUYING +0 ring mail (48 gold).
  1930 | D:3      | Bought a +0 ring mail for 48 gold pieces
  1930 | D:3      | 1930 ||| SHOPLISTING +9 ring mail "Vato" {Str+2} (722 gold,
                  | have 54).
  2054 | D:3      | 2054 ||| FLEEEEING.
  2055 | D:3      | 2055 ||| FLEEEEING.
  2056 | D:3      | 2056 ||| FLEEEEING.
  2196 | D:3      | Reached skill level 8 in Ranged Weapons
  2744 | D:3      | 2744 ||| UPGRADING to +1 pair of gloves.
  2749 | D:3      | 2749 ||| UPGRADING to +0 ring mail.
  2759 | D:3      | 2759 ||| DROPPING +0 leather armour.
  2760 | D:3      | 2760 ||| UPGRADING to ring of see invisible.
  2761 | D:3      | 2761 ||| READING scroll labelled NUAPEDWECAE.
  2763 | D:3      | 2763 ||| Stepping ~*~*~tactically~*~*~ (cloud).
  2859 | D:4      | 2859 ||| Stepping ~*~*~tactically~*~*~ (outnumbered).
  2873 | D:4      | Reached XP level 5. HP: 26/29 MP: 7/7
  2877 | D:4      | HP: 4/29 [gnoll/+0 spear[a gnoll bouda] (6)]
  2879 | D:4      | Mangled by a gnoll

Levels and vault maps discovered:
D:1:      erik_arrival_cave_to_civilisation [erik_arrival_cave_to_temple],
          layout_basic, shapermc_ecumenical_altar_notcrosses
D:2:      layout_basic
D:3:      layout_basic, mainiacjoe_overflow_tiny_flanked, serial_shops, shop,
          serial_bayou_pond_d, nicolae_elevator_lobby_asterisk
D:4:      layout_basic, vehumet_crystals, uniq_robin

Skill      XL: |  1  2  3  4 |
---------------+-------------+-----
Ranged Weapons | 6 7 8 |  8.7
Fighting       | |  1.5
Dodging        | |  2.4
Stealth        | |  1.2

Action                     |  1- 3 |  4- 6 || total
---------------------------+-------+-------++-------
   Fire: Shortbow          |   136 |    80 ||   216
    Use: Scroll            |     5 |     4 ||     9
         Potion            |       |     1 ||     1
 Armour: Leather armour    |    13 |    10 ||    23
         Ring mail         |       |    10 ||    10
  Dodge: Dodged            |    25 |    34 ||    59

Table legend:
 A = Non-vault XP
 B = Vault XP
 C = Vault XP percentage of total XP
 D = Non-vault monster count
 E = Vault monster count
 F = Vault count percentage of total count
                 A         B        C        D         E       F
            +---------+---------+-------+---------+---------+-------
      Total |     241 |       3 |   1.2 |      69 |       2 |   2.8
            +---------+---------+-------+---------+---------+-------
        D:1 |      61 |       3 |   4.7 |      33 |       2 |   5.7
        D:2 |      40 |       0 |   0.0 |      15 |       0 |   0.0
        D:3 |      70 |       0 |   0.0 |      17 |       0 |   0.0
        D:4 |      70 |       0 |   0.0 |       4 |       0 |   0.0
            +---------+---------+-------+---------+---------+-------
